 Dungeon Crawl Stone Soup version 0.30-a0-748-ge6a52f7cba (webtiles) character file.

Game seed: 1189038831066952525

122 hikkokomori the Conjurer (level 4, -3/26 HPs)
             Began as a Deep Elf Conjurer on Feb 9, 2023.
             Killed by divine providence
             ... invoked by an orc priest
              (17 damage)
             ... on level 4 of the Dungeon.
             The game lasted 00:03:30 (2617 turns).

hikkokomori the Conjurer (Deep Elf Conjurer)        Turns: 2617, Time: 00:03:31

Health: -3/26      AC:  7    Str:  6    XL:     4   Next: 78%
Magic:  7/10       EV: 11    Int: 23    God:
Gold:   209        SH:  0    Dex: 13    Spells: 6/9 levels left

rFire   + . .      SeeInvis .    s - +3 dagger (drain)
rCold   + . .      Faith    .    (no shield)
rNeg    . . .      Spirit   .    c - +2 leather armour {rF+}
rPois   .          Reflect  .    (no helmet)
rElec   .          Harm     .    (no cloak)
rCorr   .          Rampage  .    u - +1 pair of gloves
Will    .....                    (no boots)
Stlth   ++                       (no amulet)
HPRegen 0.24/turn                n - ring of protection from cold
MPRegen 0.12/turn                (no ring)

@: no status effects
A: no striking features
a: no special abilities


You were on level 4 of the Dungeon.
You visited 1 branch of the dungeon, and saw 4 of its levels.

You collected 209 gold pieces.

Inventory:

Hand Weapons
 h - a +0 dagger of venom
 s - a +3 dagger of draining (weapon)
Armour
 a - a +0 robe
 c - a +2 leather armour of fire resistance (worn)
 i - a +0 buckler
 t - the +6 scale mail "Jehira" {Fly}
   (You found it on level 3 of the Dungeon)

   Fly:       It grants you flight.
 u - a +1 pair of gloves (worn)
Jewellery
 k - an amulet of faith
 n - a ring of protection from cold (left hand)
 q - a ring of fire
Scrolls
 d - 3 scrolls of identify {unknown}
 g - a scroll of amnesia {unknown}
 j - 2 scrolls of vulnerability {unknown}
 l - a scroll of teleportation {unknown}
 m - a scroll of magic mapping {unknown}
 r - a scroll of fear {unknown}
Potions
 b - a potion of magic
 e - a potion of curing {unknown}
 f - a potion of cancellation {unknown}
 o - 2 potions of degeneration {unknown}
 p - 3 potions of berserk rage {unknown}
 v - a potion of mutation {unknown}


   Skills:
 + Level 2.0 Fighting
 - Level 2.4 Dodging
 + Level 4.2 Stealth
 + Level 0.0 Shields
 - Level 3.0 Spellcasting
 + Level 5.2 Conjurations


You had 6 spell levels left.
You knew the following spells:

 Your Spells              Type           Power      Damage    Failure   Level
a - Magic Dart            Conj           100%       1d8       1%          1
b - Searing Ray           Conj           54%        2d6       3%          2

Your spell library contained the following spells:

 Spells                   Type           Power      Damage    Failure   Level
 Dazzling Flash           Conj/Hex       30%        N/A       19%         3
 Fulminant Prism          Conj/Hex       7%         3d7       52%         4
 Iskenderun's Mystic Bla  Conj/Tloc      15%        2d5       52%         4
 Starburst                Conj/Fire      7%         6d4       100%        6
 Chain Lightning          Conj/Air       7%         3d10      100%        9
 Fire Storm               Conj/Fire      7%         8d2       100%        9
 Shatter                  Erth           1%         3d6*      100%        9


Dungeon Overview and Level Annotations

Branches:
Dungeon (4/15)
 Temple: D:4-7

Altars:

Annotations:
D:3 Grinder


Message History

A ball python comes into view.
A ball python is nearby!
A ball python is nearby!
The magic dart hits the ball python.
You kill the ball python!
You can't see any susceptible monsters within range! (Use Z to cast anyway.)
You see here a ball python corpse.
You open the door.
Found 7 gold pieces.
You close the door.
You see here a ball python corpse.
There is a stone staircase leading down here.
You climb downwards.
Found a smoky blue potion.
There is a stone staircase leading up here.
Found an escape hatch in the ceiling.
v - a smoky blue potion
Found a stone staircase leading up.
An orc comes into view. It is wielding a +2 dagger of venom.
An orc is nearby!
An orc is nearby!
The magic dart hits the orc.
The orc is almost dead.
The orc shouts!
You hear a shout! x2
An endoplasm comes into view.
The magic dart hits the orc.
You kill the orc!
An orc wizard comes into view. It is wielding a +0 dagger.
An orc priest comes into view. It is wielding a +0 mace.
Your Fighting skill increases to level 2!
The magic dart hits the endoplasm.
The endoplasm is moderately wounded.
The orc priest calls down the wrath of Beogh upon you.
Beogh smites you!
The orc wizard gestures at you while chanting.
The puff of flame hits you. You resist.
The orc priest calls down the wrath of Beogh upon you.
Beogh smites you!
Ouch! That really hurt!
You die...

......#
#.$...###
#..<....
+...... .
#.....#
..o##.....##
.o)........#
....J.<@...#
...........#
######....##
##....##
#......#
#......#
#......#
#......#
##.....#


You could see an orc priest, an orc wizard and an endoplasm.

Vanquished Creatures
  A scorpion (D:3)
  2 adders (D:3)
  2 worms
  A dart slug (D:2)
  An orc (D:4)
  7 endoplasms
  2 giant cockroaches
  3 goblins
  A hobgoblin (D:1)
  3 jackals (D:1)
  5 ball pythons
  4 bats
  A frilled lizard (D:1)
  3 kobolds
  3 rats
39 creatures vanquished.

Notes
Turn   | Place    | Note
-------+----------+-------------------------------------------
     0 | D:1      | hikkokomori the Deep Elf Conjurer began the quest for the
                  | Orb.
     0 | D:1      | Reached XP level 1. HP: 10/10 MP: 6/6
   326 | D:1      | Reached XP level 2. HP: 16/16 MP: 6/8
  1213 | D:2      | Reached skill level 1 in Fighting
  1389 | D:2      | Reached XP level 3. HP: 20/20 MP: 6/9
  1975 | D:2      | Learned a level 2 spell: Searing Ray
  2073 | D:3      | Noticed Grinder
  2125 | D:3      | Noticed a scorpion
  2129 | D:3      | Killed a scorpion
  2130 | D:3      | Reached skill level 5 in Conjurations
  2130 | D:3      | Reached XP level 4. HP: 26/26 MP: 4/10
  2451 | D:3      | Identified the +6 scale mail "Jehira" {Fly}
  2617 | D:4      | Killed from afar by an orc priest

Illustrated notes

Levels and vault maps discovered:
D:1:      minmay_arrival_open_corners, layout_loops_cross
D:2:      layout_loops_corners
D:3:      layout_basic, nicolae_shop_unique_rings, uniq_grinder
D:4:      layout_gridville, minmay_temple_entry_butterflies, uniq_blork_the_orc

Skill      XL: |  1  2  3  4 |
---------------+-------------+-----
Stealth        | 3 4 |  4.2
Fighting       | 1 2 |  2.0
Conjurations   | 5 |  5.2
Dodging        | |  2.4
Spellcasting   | |  3.0

Action                     |  1- 3 |  4- 6 || total
---------------------------+-------+-------++-------
  Melee: Dagger            |     2 |       ||     2
   Cast: Magic Dart        |    64 |    20 ||    84
         Searing Ray       |     1 |       ||     1
 Armour: Leather armour    |     1 |       ||     1
  Dodge: Dodged            |     2 |       ||     2

Table legend: (Time is in decaauts)
 A = Elapsed time spent in this place.
 B = Non-inter-level travel time spent in this place.
 C = Inter-level travel time spent in this place.
 D = Time resting spent in this place.
 E = Time spent auto-exploring this place.
 F = Levels seen in this place.
 G = Mean time per level.
                   A        B        C        D        E       F      G
               +--------+--------+--------+--------+--------+-----+--------+
         Total |   2614 |   2497 |    117 |      0 |   2207 |   4 |  653.5 |
       Dungeon |   2614 |   2497 |    117 |      0 |   2207 |   4 |  653.5 |
               +--------+--------+--------+--------+--------+-----+--------+

Top non-repeatable levels by time:
     D:2: 1016 daAuts
     D:1: 969 daAuts
     D:3: 614 daAuts
     D:4: 14 daAuts
